 Dungeon Crawl Stone Soup version 0.31-a0-600-g62dffe198b (webtiles) character file.

Game seed: 13313385491797479452

1093 AdnanSaban the Cudgeller (level 8, -14/49 HPs)
             Began as a Gargoyle Fighter on Aug 21, 2023.
             Was a Follower of Okawaru.
             Demolished by an ogre
             ... wielding a +0 giant spiked club
              (23 damage)
             ... on level 6 of the Dungeon.
             The game lasted 00:05:25 (4667 turns).

AdnanSaban the Cudgeller (Gargoyle Fighter)         Turns: 4667, Time: 00:05:26

Health: -14/49     AC: 16    Str: 28    XL:     8   Next: 31%
Magic:  9/9        EV:  9    Int:  9    God:    Okawaru [*.....]
Gold:   260        SH:  4    Dex:  9    Spells: 7/7 levels left

rFire   . . .        w - +0 flail (drain)
rCold   . . .        c - +0 buckler
rNeg    + . .        s - +0 chain mail
rPois   ∞            m - +0 helmet
rElec   +            (no cloak)
rCorr   .            (no gloves)
SInv    .            (no boots)
Will    .....        (no amulet) Stlth
                     q - +6 ring of strength
HPRegen 0.28/turn    (no ring)
MPRegen 0.11/turn

%: no passive effects
@: no status effects
A: sickness immunity, AC +5, negative energy resistance 1, electricity
resistance, torment resistance 1, petrification resistance
a: Renounce Religion, Heroism


You were on level 6 of the Dungeon.
You worshipped Okawaru.
Okawaru was aware of your devotion.
You visited 2 branches of the dungeon, and saw 9 of its levels.

You collected 260 gold pieces.

Inventory:

Hand Weapons
 w - a +0 flail of draining (weapon)
Missiles
 h - 3 poisoned darts (quivered)
 k - 3 boomerangs
 v - a throwing net
Armour
 c - a +0 buckler (worn)
 m - a +0 helmet (worn)
 s - a +0 chain mail (worn)
Jewellery
 q - a +6 ring of strength (left hand)
Wands
 t - a wand of polymorph (8)
Scrolls
 b - 2 scrolls of enchant weapon {unknown}
 g - 4 scrolls of teleportation {unknown}
 i - a scroll of brand weapon {unknown}
 j - 5 scrolls of identify {unknown}
 l - a scroll of vulnerability {unknown}
 n - 2 scrolls of noise {unknown}
 p - 3 scrolls of amnesia {unknown}
 r - 2 scrolls of poison {unknown}
 u - a scroll of immolation {unknown}
Potions
 d - 2 potions of might
 e - a potion of heal wounds {unknown}
 f - a potion of curing {unknown}
 o - 2 potions of brilliance {unknown}


   Skills:
 + Level 5.2 Fighting
 + Level 6.6 Maces & Flails
 + Level 0.3 Throwing
 + Level 5.7 Armour
 + Level 1.3 Dodging
 + Level 1.0 Stealth
 + Level 4.6 Shields
 * Level 1.3 Invocations


You had 7 spell levels left.
You didn't know any spells.
Your spell library contained the following spells:

 Spells                   Type           Power      Damage    Failure   Level
 Apportation              Tloc           0%         N/A       89%         1
 Necrotise                Necr           0%         1d4       89%         1
 Blink                    Tloc           0%         N/A       96%         2
 Lesser Beckoning         Tloc           0%         N/A       96%         2
 Momentum Strike          Conj/Tloc      0%         3d8       96%         2
 Gell's Gravitas          Tloc           0%         N/A       99%         3
 Ignite Poison            Fire/Tmut/Pois 0%         N/A       99%         3
 Teleport Other           Tloc           0%         N/A       99%         3
 Freezing Cloud           Conj/Ice/Air   0%         6-21      100%        5
 Dispersal                Tloc           0%         N/A       100%        6
 Summon Small Mammal      Summ           Unusable   N/A       N/A         1
 Cigotuvi's Dreadful Rot  Necr/Pois/Air  Unusable   N/A       N/A         2

Dungeon Overview and Level Annotations

Branches:
Dungeon (8/15)             Temple (1/1) D:4
   Lair: D:8-11

Altars:
Ashenzari
Elyvilon
Fedhas
Gozag
Hepliaklqana
Kikubaaqudgha
Makhleb
Okawaru
Ru
Sif Muna
Trog
Vehumet
Wu Jian
Xom
Zin
The Shining One

Shops:
D:1 [?   D:4 [


Innate Abilities, Weirdness & Mutations

You are immune to sickness and miasma.
Your stone body is resilient. (AC +5)
You are immune to poison.
You resist negative energy. (rN+)
You are resistant to electric shocks. (rElec)
You are resistant to unholy torment.
You are immune to petrification.


Message History

No target in view!
No target in view!
Found a scroll labelled VISKI ARIO.
The iguana bites you!
You sock the iguana! You drain the iguana.
The iguana is almost dead.
The iguana bites you but does no damage.
You hit the iguana but do no damage. You drain the iguana.
You kill the iguana!
Okawaru accepts your kill.
Your Invocations skill increases to level 1!
No target in view!
Magic restored.
You hear the slow rusting of a drain nearby.
HP restored.
An ogre comes into view. It is wielding a +0 giant spiked club.
An orc comes into view. It is wielding a +0 mace.
There are monsters nearby!
Found a stone staircase leading up.
An orc comes into view. It is wielding a +0 club.
The orc shouts! x2
The ogre closely misses you.
You see here a scroll labelled VISKI ARIO.
You hit the ogre. You drain the ogre.
The ogre is moderately wounded.
The ogre hits you with a +0 giant spiked club!!
Ouch! That really hurt!
You hear a shout!
You are too injured to fight recklessly!
You are too injured to fight recklessly!
You are too injured to fight recklessly!
An adder comes into view.
An orc comes into view.
It is wielding a +3 dagger of electrocution.
An orc comes into view. It is wielding a +0 flail.
The ogre attacks as it pursues you!
The ogre hits you with a +0 giant spiked club!
* * * LOW HITPOINT WARNING * * *
The adder hisses angrily.
The ogre attacks as it pursues you!
The ogre hits you with a +0 giant spiked club!!
You die...

###...###..#.#..
......<....... # #.....
... .. # #. #..#.# #.#
o# o#
##.###..#.###.##.#..#
..............?.o..# .
#............o..#..#
#.#..#...#.###.O###..#.#
#.#..#..........@....S..
...........###....#.....
#.#..#..##.# #....# ...
#.#..#..##.###...... ~
..................#~
###)....####.......~~ #
#................### #
#....#####.#.....#
###..........


You could see an ogre (drained), an adder and an orc.

Vanquished Creatures
  An ice beast (D:7)
  An ogre (D:4)
  A black bear (D:3)
  5 wights
  A howler monkey (D:3)
  2 orc priests (D:4)
  4 iguanas
  7 orc wizards
  Robin (D:4)
  6 gnolls
  2 adders
  4 worms
  2 dart slugs
  15 orcs
  2 ball pythons
  2 endoplasms
  A giant cockroach (D:3)
  17 goblins
  8 hobgoblins
  4 jackals
  4 quokkas
  6 bats
  5 frilled lizards
  4 kobolds
  4 rats
109 creatures vanquished.

Notes
Turn   | Place    | Note
-------+----------+-------------------------------------------
     0 | D:1      | AdnanSaban the Gargoyle Fighter began the quest for the
                  | Orb.
     0 | D:1      | Reached XP level 1. HP: 14/14 MP: 1/1
    79 | D:1      | Found Escharau's Magic Scroll Shoppe.
   118 | D:1      | Reached XP level 2. HP: 19/19 MP: 2/2
   519 | D:1      | Found Qic Ziy's Armour Emporium.
   729 | D:2      | Reached XP level 3. HP: 23/23 MP: 3/3
   944 | D:2      | Reached skill level 3 in Maces & Flails
  1121 | D:2      | Found an opulent altar of Gozag.
  1617 | D:3      | Reached XP level 4. HP: 29/29 MP: 4/4
  1807 | D:3      | Reached skill level 1 in Stealth
  2252 | D:3      | Reached XP level 5. HP: 27/33 MP: 5/5
  2974 | D:3      | Reached skill level 4 in Maces & Flails
  3030 | D:3      | Reached XP level 6. HP: 29/39 MP: 6/6
  3125 | D:4      | Found a staircase to the Ecumenical Temple.
  3140 | Temple   | Entered the Ecumenical Temple
  3165 | Temple   | Became a worshipper of Warmaster Okawaru
  3216 | D:4      | Found Wudal's Antique Armour Boutique.
  3244 | D:4      | Noticed a black bear
  3389 | D:3      | Killed a black bear
  3577 | D:4      | Reached skill level 5 in Maces & Flails
  3577 | D:4      | Reached XP level 7. HP: 42/44 MP: 7/7
  3613 | D:4      | Noticed Robin
  3619 | D:4      | Killed Robin
  3857 | D:4      | Reached skill level 5 in Armour
  3930 | D:5      | Entered Level 5 of the Dungeon
  3934 | D:5      | Reached * piety under Okawaru
  3935 | D:5      | Reached skill level 1 in Dodging
  4168 | D:4      | Reached skill level 5 in Fighting
  4168 | D:4      | Reached skill level 6 in Maces & Flails
  4300 | D:4      | Reached XP level 8. HP: 37/49 MP: 8/8
  4549 | D:5      | You fall into a shaft and drop 3 floors!
  4626 | D:6      | Reached skill level 1 in Invocations
  4667 | D:6      | Demolished by an ogre

Illustrated notes

Levels and vault maps discovered:
D:1:      zelgadis_glass_arrival_large, layout_loops_ring, serial_shops,
          nicolae_diamond_shop, nicolae_shop_tiny_glass, glass_columns_b
D:2:      layout_loops_ring, basic_altar
D:3:      layout_basic, serial_co_window_serial, co_window_corner_a,
          co_window_paths_a, co_window_corner_a, co_window_corner_a,
          co_window_corner_a, co_window_2corner, co_window_broadway_c,
          co_window_corner_b, co_window_corner_cb, co_window_cross_3,
          co_window_2corner, co_window_paths_d, glass_columns_a, minivault_4
D:4:      layout_rooms, temple_fountains, serial_shops, shop, uniq_robin
D:5:      layout_rooms, minmay_overflow_temple_star_quad, serial_corexii_hall,
          corexii_hall_statues_x, chequers_hall_statues_corner_a,
          corexii_hall_statues_t
D:6:      layout_basic, mainiacjoe_overflow_paths, lightli_sewer_entry_pipes,
          amcnicky_mini_rare_corridor_liquid, minmay_quadrilaterals,
          uniq_eustachio
D:7:      layout_basic, amethyst_overflow_temple_binary, serial_shops,
          nicolae_book_shop_shelving, minmay_manual_moon
D:8:      layout_loops_ring, due_lair_maze_entry_diamond,
          hangedman_decor_points, minmay_orc_keep, uniq_grum
Temple:   regret_index_temple_sphere_string

Skill      XL: |  1  2  3  4  5  6  7  8 |
---------------+-------------------------+-----
Maces & Flails | 3 4 5 6 |  6.6
Stealth        | 1 |  1.0
Fighting       | 4 5 |  5.2
Armour         | 4 5 |  5.7
Shields        | 4 |  4.6
Dodging        | 1 |  1.3
Invocations    | 1 |  1.3
Throwing       | |  0.3

Action                     |  1- 3 |  4- 6 |  7- 9 || total
---------------------------+-------+-------+-------++-------
  Melee: Flail             |   123 |   138 |   151 ||   412
  Throw: Dart              |       |       |     3 ||     3
 Armour: Scale mail        |    68 |    15 |       ||    83
         Chain mail        |       |   114 |    96 ||   210
  Dodge: Dodged            |    53 |    77 |    84 ||   214
  Block: Buckler           |    26 |    40 |    32 ||    98

Table legend: (Time is in decaauts)
 A = Elapsed time spent in this place.
 B = Non-inter-level travel time spent in this place.
 C = Inter-level travel time spent in this place.
 D = Time resting spent in this place.
 E = Time spent auto-exploring this place.
 F = Levels seen in this place.
 G = Mean time per level.
                   A        B        C        D        E       F      G
               +--------+--------+--------+--------+--------+-----+--------+
         Total |   4767 |   4559 |    208 |    492 |   3091 |   9 |  529.7 |
       Dungeon |   4717 |   4557 |    160 |    492 |   3091 |   8 |  589.6 |
        Temple |     50 |      2 |     48 |      0 |      0 |   1 |   50.0 |
               +--------+--------+--------+--------+--------+-----+--------+

Top non-repeatable levels by time:
     D:3: 1735 daAuts
     D:4: 1084 daAuts
     D:2: 819 daAuts
     D:1: 655 daAuts
     D:5: 303 daAuts
     D:6: 67 daAuts
  Temple: 50 daAuts
     D:7: 37 daAuts
     D:8: 13 daAuts
